 Dungeon Crawl Stone Soup version 0.22-a0-21-g9421e3f (webtiles) character file.

760 Lanoc the Insei (level 7, -2/46 HPs)
             Began as an Octopode Transmuter on Jan 2, 2018.
             Was a Believer of Dithmenos.
             Slain by a wight
             ... wielding a +0 halberd
              (3 damage)
             ... on level 6 of the Dungeon.
             The game lasted 00:11:25 (5100 turns).

Lanoc the Insei (Octopode Transmuter)               Turns: 5100, Time: 00:11:27

Health: -2/46      AC:  1    Str:  9    XL:     7   Next: 80%
Magic:  11/12      EV: 15    Int: 18    God:    Dithmenos [**....]
Gold:   251        SH:  0    Dex: 17    Spells: 6/12 levels left

rFire    + + .     SeeInvis .   B - +9 morningstar of Shame {venom, +Inv Dex+5}
rCold    x . .     Gourm    +   (no shield)
rNeg     + . .     Faith    .   (helmet restricted)
rPois    .         Spirit   .   j - amulet of the gourmand
rElec    .         Reflect  .   d - ring of fire
rCorr    .         Harm     .   i - ring of positive energy
MR       .....                  E - ring of protection from fire
Stlth    +++.......             (no ring)
HPRegen  0.15/turn              (no ring)
MPRegen  0.13/turn              (no ring)
                                (no ring)
                                (no ring)

@: appendage, wreathed by umbra, drained
A: almost no armour, stealthy swim, amphibious, 8 rings, constrict 8, tentacle
spike 3, camouflage 1, gelatinous body 1
a: End Transformation, Shadow Step, Renounce Religion, Evoke Invisibility


You were on level 6 of the Dungeon.
You worshipped Dithmenos.
Dithmenos was pleased with you.
You were completely stuffed.
One of your tentacles had a temporary spike.
You visited 1 branch of the dungeon, and saw 6 of its levels.

You collected 251 gold pieces.

Inventory:

Hand Weapons
 B - the +9 morningstar of Shame (weapon) {venom, +Inv Dex+5}
   (You found it on level 4 of the Dungeon)

   It poisons the flesh of those it strikes.
   It affects your dexterity (+5).
   It lets you turn invisible.
Missiles
 a - 73 arrows
Jewellery
 d - a ring of fire (left tentacle)
 i - a ring of positive energy (right tentacle)
 j - an amulet of the gourmand (around mantle)
 E - a ring of protection from fire (on tentacle)
Wands
 u - a wand of polymorph (11)
Scrolls
 e - 6 scrolls of teleportation
 g - 2 scrolls of enchant weapon
 v - 2 scrolls of remove curse
 w - 2 scrolls of fog {unknown}
 y - 2 scrolls of fear {unknown}
 D - a scroll of amnesia {unknown}
Potions
 f - a potion of haste
 h - a potion of invisibility
 k - 2 potions of resistance {unknown}
 p - 2 potions of flight {unknown}
 r - 2 potions of curing {unknown}
 s - 3 potions of might {unknown}
 t - 2 potions of magic {unknown}
 x - a potion of heal wounds {unknown}
 C - a potion of lignification {unknown}
Books
 b - a book of Changes

   Spells                             Type                      Level
   a - Beastly Appendage              Transmutation                1
   b - Sticks to Snakes               Transmutation                2
   c - Spider Form                    Transmutation/Poison         3
   d - Ice Form                       Ice/Transmutation            4
   e - Blade Hands                    Transmutation                5
Comestibles
 c - 9 rations


   Skills:
 + Level 3.1(2.7) Fighting
 + Level 3.6(3.3) Dodging
 * Level 5.4(5.0) Unarmed Combat
 + Level 3.4(3.0) Spellcasting
 * Level 4.7(4.3) Transmutations


You had 6 spell levels left.
You knew the following spells:

 Your Spells              Type           Power        Failure   Level  Hunger
a - Beastly Appendage     Tmut           ###...       2%          1    None
b - Sticks to Snakes      Tmut           ###.....     4%          2    ##.....
c - Spider Form           Tmut/Pois      ##........   21%         3    ###....


Dungeon Overview and Level Annotations

Branches:
Dungeon (6/15)             Temple (0/1) D:6

Altars:
Dithmenos
Xom

Annotations:
D:3 Sigmund


Innate Abilities, Weirdness & Mutations

You cannot wear most types of armour.
You are very stealthy in the water. (Stealth+)
You are amphibious.
You can wear up to eight rings at the same time.
You can use your tentacles to constrict eight enemies at once.
Your skin changes colour to match your surroundings (Stealth+).
Your rubbery body absorbs attacks. (AC +1, EV +1)
One of your tentacles bears a large vicious spike.


Message History

You start resting.
Magic restored.
As you read the scroll of magic mapping, it crumbles to dust.
You feel aware of your surroundings.
You sensed 1 shop/portal.
Found 7 gold pieces.
A wight comes into view. It is wielding a halberd.
Casting: Spider Form
Confirm with . or Enter, or press ? or * to list all spells.
One of your tentacles grows a vicious spike.
The wight hits you from afar with a halberd!
You partially resist.
You feel drained. The wight completely misses you.
You closely miss the wight. You grab the wight. You squeeze the wight!
The wight is heavily damaged.
You hear the slow hiss of an avalanche of sand nearby.
You constrict the wight, but do no damage.
The wight hits you with a halberd!
* * * LOW HITPOINT WARNING * * *
You partially resist.
You feel drained.
You die...

*,,,,,,,,*,,#....).<#.#
*,,,,,,,,*,##........$*
*****,,,*+#,,,,,........#**
,,,,,,,,*.*.##,###.#....#####
****,**,*..,............)...#
,,,,,,,,,,..##.###.#.#.####.#
,,,*,,**,.,..............##.#
**,*,,,,,....#.#.#.#.###.##.#
,*,*,,,*+#.....z@..#...,.##.#
,+,*,,,*,#...#.#########*##.#
,***,***,#**..,,,,,,,,,,,,#.#
,,,,,+,,∩,,+.*,**********,#.#
****,***,**#,*,* ****,#.#
*,,,*,*,,,*,* *,,,,#(#
*,,,*+*,,,*,* *,***#.#
****,,,,,,,,,,,* *,* #.#
,*,,,,,,,,,,*,,* *,* #.#


You could see a wight.

Vanquished Creatures
  A centaur (D:5)
  3 wights (D:6)
  Crazy Yiuf (D:5)
  An orc priest (D:4)
  2 hounds (D:4)
  A centaur skeleton (D:5)
  5 orc wizards
  An iguana (D:5)
  Natasha (D:4)
  2 worker ants
  3 gnolls (D:4)
  8 adders
  2 adder skeletons
  A worm (D:4)
  2 dart slugs (D:4)
  A leopard gecko (D:4)
  4 orcs
  7 bats
  9 giant cockroaches
  3 hobgoblins
  A jackal (D:1)
  6 kobolds
  A quokka (D:4)
  2 ball pythons (D:1)
  3 frilled lizards
  5 goblins
  4 rats
80 creatures vanquished.

Notes
Turn   | Place    | Note
-------+----------+-------------------------------------------
     0 | D:1      | Lanoc the Octopode Transmuter began the quest for the Orb.
     0 | D:1      | Reached XP level 1. HP: 13/13 MP: 3/3
    97 | D:1      | Reached XP level 2. HP: 12/18 MP: 3/5
   883 | D:2      | Reached XP level 3. HP: 22/23 MP: 4/6
  1312 | D:2      | Found a shimmering altar of Xom.
  1446 | D:2      | Reached XP level 4. HP: 27/28 MP: 5/7
  1831 | D:3      | Found a faded altar of an unknown god.
  1843 | D:3      | Became a worshipper of Dithmenos the Shadowed
  1843 | D:3      | Reached * piety under Dithmenos
  2079 | D:3      | Noticed Sigmund
  2118 | D:2      | Learned a level 2 spell: Sticks to Snakes
  2122 | D:2      | Learned a level 3 spell: Spider Form
  2419 | D:3      | Reached XP level 5. HP: 9/34 MP: 8/8
  2835 | D:4      | Reached skill level 4 in Unarmed Combat
  2858 | D:4      | Reached XP level 6. HP: 14/39 MP: 6/10
  3168 | D:4      | Got an ichor-stained morningstar
  3169 | D:4      | Identified the +9 morningstar of Shame {venom, +Inv Dex+5} (You found it on level 4 of the Dungeon)
  3687 | D:4      | Noticed Natasha
  3710 | D:4      | Killed Natasha
  3829 | D:5      | Entered Level 5 of the Dungeon
  3840 | D:5      | Reached ** piety under Dithmenos
  3878 | D:5      | Reached XP level 7. HP: 15/45 MP: 9/11
  4112 | D:5      | Reached skill level 5 in Unarmed Combat
  4641 | D:5      | Found a runed door.
  4816 | D:5      | Noticed Crazy Yiuf
  4830 | D:5      | Killed Crazy Yiuf
  5100 | D:6      | HP: 1/46 [wight/halberd (14)]
  5100 | D:6      | Slain by a wight

Vault maps used:
D:1:      dpeg_arrival_tiny_b, serial_bayou_pond_b
D:2:      kennysheep_six_static_rooms, first_ration, xom_teletrap_fun
D:3:      chequers_ecumenical_altar_simple_redux, uniq_sigmund
D:4:      hangedman_minor_gate_pass, uniq_natasha
D:5:      hangedman_abyss_or_decor_slice, uniq_crazy_yiuf_cottage
D:6:      minmay_temple_entry_large_hall, nicolae_ossuary_entry_plus,
          uniq_duvessa, uniq_blork_the_orc

Skill      XL: |  1  2  3  4  5  6  7 |
---------------+----------------------+-----
Transmutations | 3 4 |  4.7
Unarmed Combat | 4 5 |  5.4
Fighting       | 2 3 |  3.1
Dodging        | 3 |  3.6
Spellcasting   | 3 |  3.4

Action                   |  1- 3 |  4- 6 |  7- 9 || total
-------------------------+-------+-------+-------++-------
Melee: Unarmed           |    63 |    77 |    20 ||   160
       Constrict         |    17 |    18 |     7 ||    42
       Kick              |    11 |    12 |     7 ||    30
       Tentacles         |     3 |    13 |     8 ||    24
       Morningstar       |       |    29 |    27 ||    56
 Cast: Beastly Appendage |    20 |    18 |     5 ||    43
       Spider Form       |       |     3 |     2 ||     5
  Use: Scroll            |       |       |    12 ||    12
 Stab: Sleeping          |     7 |     6 |     2 ||    15
  Eat: Chunk             |     8 |    11 |     4 ||    23
Armor: Skin              |     6 |     5 |     1 ||    12
Dodge: Dodged            |    54 |    77 |    29 ||   160

Table legend:
 A = Spawn XP
 B = Non-spawn XP
 C = Spawn XP percentage of total XP
 D = Spawn monster count
 E = Non-spawn monster count
 F = Spawn count percentage of total count
 G = Total turns spent on level
                    A         B        C        D         E        F      G
               +---------+---------+-------+---------+---------+-------+---------
         Total |       0 |    1087 |   0.0 |       0 |      80 |   0.0 |  5100
               +---------+---------+-------+---------+---------+-------+---------
           D:1 |       0 |      23 |   0.0 |       0 |      16 |   0.0 |   876
           D:2 |       0 |      79 |   0.0 |       0 |      19 |   0.0 |   988
           D:3 |       0 |      66 |   0.0 |       0 |       9 |   0.0 |   962
           D:4 |       0 |     369 |   0.0 |       0 |      20 |   0.0 |  1003
           D:5 |       0 |     365 |   0.0 |       0 |      11 |   0.0 |  1175
           D:6 |       0 |     185 |   0.0 |       0 |       5 |   0.0 |    96
               +---------+---------+-------+---------+---------+-------+---------
